AoeStats
← serrurerie

Arabia

507994305Analyzed
1v1 RM · 11d ago on Sep 20, 2026· 76m 7s· 2 players
Game mode
Random Map
Map size
Tiny (2 player)
Population
200
Speed
Normal
Resources
Standard
Victory
Conquest
Starting age
Dark Age
Ending age
Imperial Age
RankedLock teamsTeams togetherTeam positionsShared explorationLock speedFull tech treeHidden civsTurbo modeCheats
Victory
Defeat
🇨🇭 Sicilians · Switzerland
1328
+18
🇦🇷 Japanese · Argentina
1364
-18
serrurerie
5:07 Loom
5:25 Loom
9:39 Feudal Age
10:46 Double-Bit Axe
10:58 Horse Collar
18:02 Padded Archer Armor
17:55 Fletching
19:30 Padded Archer Armor
23:38 Castle Age
25:09 Bodkin Arrow
25:31 Leather Archer Armor
25:01 Crossbowman
26:47 Elite Skirmisher
32:58 Ballistics
37:01 Stone Mining
37:02 Gold Mining
38:31 Bow Saw
38:44 Town Watch
44:37 Imperial Age
47:59 Pikeman
49:16 Bracer
52:27 Chemistry
52:49 Wheelbarrow
52:31 Scale Mail Armor
59:06 Arbalester
61:10 Halberdier
61:51 Squires
61:36 Arson
63:01 Gold Shaft Mining
65:19 Conscription
65:24 Chain Mail Armor
65:19 Forging
67:29 First Crusade
68:10 Iron Casting
68:05 Plate Mail Armor
71:31 Blast Furnace
71:01 Plate Mail Armor
71:47 Light Cavalry
72:37 Bloodlines
72:27 Husbandry
73:01 Plate Mail Armor
72:37 Scale Barding Armor
73:06 Hand Cart
72:51 Town Patrol
Mark Travantony
5:32 Loom
8:53 Feudal Age
11:07 Man-at-Arms
12:51 Double-Bit Axe
17:05 Wheelbarrow
16:41 Fletching
17:38 Padded Archer Armor
19:43 Wheelbarrow
23:23 Castle Age
23:00 Scale Barding Armor
22:49 Gold Mining
24:01 Bloodlines
24:09 Bodkin Arrow
32:07 Chain Barding Armor
33:16 Leather Archer Armor
35:23 Light Cavalry
36:11 Husbandry
36:59 Horse Collar
46:55 Heavy Plow
48:01 Hand Cart
51:35 Imperial Age
49:29 Forging
51:52 Bow Saw
51:44 Town Watch
52:56 Iron Casting
53:26 Gold Shaft Mining
57:26 Squires
57:30 Scale Mail Armor
58:59 Blast Furnace
57:22 Long Swordsman
58:24 Two-Handed Swordsman
59:29 Stone Mining
60:51 Cavalier
62:21 Capped Ram
63:02 Gambesons
63:09 Arson
64:45 Champion
69:48 Chain Mail Armor
72:36 Pikeman
Connection lost

Rejoining the realm…

Still unreachable

The connection could not be restored.

Session expired

The server has moved on; the page needs a fresh start.